AoeStats
← Lukascimice

Arabia

508887423Analyzed
1v1 RM · 9d ago on Sep 24, 2026· 27m 20s· 2 players
Game mode
Random Map
Map size
Tiny (2 player)
Population
200
Speed
Normal
Resources
Standard
Victory
Conquest
Starting age
Dark Age
Ending age
Imperial Age
RankedLock teamsTeams togetherTeam positionsShared explorationLock speedFull tech treeHidden civsTurbo modeCheats
Victory
Defeat
🇨🇿 Maya · Czechia
712
+17
🇺🇸 Koreans · United States
734
-17
Lukascimice
0:27 Loom
10:46 Feudal Age
11:21 Horse Collar
11:31 Double-Bit Axe
16:16 Fletching
23:08 Castle Age
22:52 Gold Mining
22:55 Stone Mining
23:47 Arson
24:16 Forging
24:07 Scale Mail Armor
24:08 Bodkin Arrow
24:11 Eagle Warrior
24:42 Elite Skirmisher
27:47 Wheelbarrow
27:25 Bow Saw
27:17 Heavy Plow
SincereCloth
12:06 Feudal Age
20:21 Castle Age
20:04 Fletching
20:16 Horse Collar
20:42 Double-Bit Axe
20:27 Elite Skirmisher
24:42 Crossbowman
Connection lost

Rejoining the realm…

Still unreachable

The connection could not be restored.

Session expired

The server has moved on; the page needs a fresh start.